 Dungeon Crawl Stone Soup version 0.20.1-1-g8b1a95d (webtiles) character file.

231 Thjof the Charmwright (level 6, -4/46 HPs)
             Began as a Barachi Skald on Nov 15, 2017.
             Was a Follower of Qazlal.
             Killed from afar by an orc wizard (8 damage)
             ... with a puff of flame
             ... on level 4 of the Dungeon.
             The game lasted 00:34:22 (2338 turns).

Thjof the Charmwright (Barachi Skald)               Turns: 2338, Time: 00:34:24

Health: -4/46      AC:  5    Str: 12 (14) XL:     6   Next: 3%
Magic:  2/10       EV: 11    Int: 11 (14) God:    Qazlal [*.....]
Gold:   120        SH:  0    Dex:  8 (11) Spells: 2/11 levels left

rFire    . . .     SeeInvis .   a - +0 falchion
rCold    . . .     Gourm    .   (no shield)
rNeg     . . .     Faith    .   m - +0 ring mail
rPois    .         Spirit   .   (no helmet)
rElec    .         Reflect  .   (no cloak)
rCorr    .         Harm     .   (no gloves)
MR       .....                  (no boots)
Stlth    ..........             (no amulet)
Regen    0.2/turn               (no ring)
MPRegen  0.2/turn               (no ring)

@: confused, lethally poisoned (-4 -> -38), hasted, very quick
A: +LOS, swims, slowness 1, strong legs 1
a: Hop, Renounce Religion


You were on level 4 of the Dungeon.
You worshipped Qazlal.
Qazlal was aware of your devotion.
You were not hungry.

You visited 1 branch of the dungeon, and saw 4 of its levels.

You collected 120 gold pieces.

Inventory:

Hand Weapons
 a - a +0 falchion (weapon)
 b - a +0 hunting sling
 q - a +0 dagger
 B - a +1 dagger of holy wrath
 F - a +0 spear
 J - a +0 dagger
Missiles
 k - 39 poisoned needles
 p - 142 stones (quivered)
 A - 46 bolts
 I - 29 sling bullets
Armour
 m - a +0 ring mail (worn)
 C - a +0 robe
Wands
 i - a wand of random effects (17/48)
 r - a wand of polymorph (4/24)
 t - a wand of scattershot (5/9)
Scrolls
 e - 3 scrolls of enchant weapon
 h - a scroll of fog {unknown}
 j - a scroll of remove curse {unknown}
 n - a scroll of random uselessness {unknown}
 o - a scroll of amnesia {unknown}
 s - a scroll of teleportation {unknown}
 y - a scroll of magic mapping {unknown}
 E - a scroll of blinking {unknown}
 G - a scroll of recharging {unknown}
Potions
 u - 2 potions of degeneration
 z - a potion of mutation {unknown}
 H - a potion of flight {unknown}
Books
 c - a book of Battle

   Spells                             Type                      Level
   a - Infusion                       Charms                       1
   b - Shroud of Golubria             Charms/Translocation         2
   c - Song of Slaying                Charms                       2
   d - Spectral Weapon                Hexes/Charms                 3
   e - Regeneration                   Charms/Necromancy            3
 D - a book of Minor Magic

   Spells                             Type                      Level
   a - Magic Dart                     Conjuration                  1
   b - Blink                          Translocation                2
   c - Call Imp                       Summoning                    2
   d - Slow                           Hexes                        2
   e - Conjure Flame                  Conjuration/Fire             3
   f - Mephitic Cloud                 Conjuration/Poison/Air       3
Comestibles
 d - a bread ration
 w - 2 meat rations


   Skills:
 + Level 2.8 Fighting
 + Level 4.1 Long Blades
 + Level 0.4 Slings
 + Level 2.3 Armour
 + Level 3.1 Dodging
 + Level 3.0 Spellcasting
 + Level 0.4 Hexes
 + Level 4.4 Charms
 + Level 0.4 Translocations
 + Level 0.7 Evocations


You had 2 spell levels left.
You knew the following spells:

 Your Spells              Type           Power        Failure   Level  Hunger
a - Infusion              Chrm           ##..         9%          1    #......
b - Shroud of Golubria    Chrm/Tloc      #.........   30%         2    ###....
c - Spectral Weapon       Hex/Chrm       #.......     52%         3    ###....
d - Regeneration          Chrm/Necr      #.........   56%         3    ###....


Dungeon Overview and Level Annotations

Branches:
Dungeon (4/15)
 Temple: D:4-7

Altars:
Qazlal

Annotations:
D:4 Duvessa


Innate Abilities, Weirdness & Mutations

Shadows flee at your approach. (+LOS)
You can swim through water.
You cover ground slowly.
You can hop short distances.


Message History

You bump into the rock wall.
You feel sick. Something hits you but does no damage.
You are more poisoned.
You're too confused to move!
Something hits you but does no damage.
You are lethally poisoned!
You miss something.
* * * LOW HITPOINT WARNING * * *
You feel sick. Something hits you.
* * * LOW HITPOINT WARNING * * *
You are more poisoned.
You completely miss something.
* * * LOW HITPOINT WARNING * * *
You feel very sick.
You completely miss something.
* * * LOW HITPOINT WARNING * * *
You feel sick.
You hear some strange, mumbled words.
A puff of flame appears from out of thin air!
The puff of flame hits you!
You die...

### ### #######.###########.#
....................#
###################.#############
................@{)..............
###################.#############
#..............
#?..l.o..###....######
.....§l...............
#....oa..###....#..### #........#
###........ #........# #...#..###
.......<.# #<..#..#


There were no monsters in sight!

Vanquished Creatures
  Dowan (D:4)
  A worker ant (D:4)
  8 adders
  2 oozes (D:1)
  2 dart slugs
  6 leopard geckos
  8 orcs
  5 giant cockroaches
  7 goblins
  3 hobgoblins
  2 quokkas
  A ball python (D:2)
  5 bats
  8 frilled lizards
  5 kobolds
  5 rats
69 creatures vanquished.

Notes
Turn   | Place    | Note
-------+----------+-------------------------------------------
     0 | D:1      | Thjof the Barachi Skald began the quest for the Orb.
     0 | D:1      | Reached XP level 1. HP: 17/17 MP: 3/3
   167 | D:1      | Reached XP level 2. HP: 23/23 MP: 1/5
   172 | D:1      | Learned a level 2 spell: Shroud of Golubria
   324 | D:1      | Reached XP level 3. HP: 28/28 MP: 3/6
   494 | D:2      | Found a stormy altar of Qazlal.
   571 | D:2      | Learned a level 3 spell: Spectral Weapon
   731 | D:2      | Reached XP level 4. HP: 27/34 MP: 1/8
  1005 | D:2      | Became a worshipper of Qazlal Stormbringer
  1305 | D:3      | Reached XP level 5. HP: 32/40 MP: 1/9
  1542 | D:3      | Learned a level 3 spell: Regeneration
  1735 | D:3      | Reached * piety under Qazlal
  1991 | D:4      | Noticed Dowan
  1994 | D:4      | Noticed Duvessa
  1995 | D:4      | Killed Dowan
  2300 | D:4      | Reached XP level 6. HP: 35/46 MP: 1/10
  2338 | D:4      | Killed from afar by an orc wizard

Skill      XL: |  1  2  3  4  5 |
---------------+----------------+-----
Charms         | 4 |  4.4
Long Blades    | 3 4 |  4.1
Dodging        | 3 |  3.1
Armour         | 2 |  2.3
Spellcasting   | 3 |  3.0
Fighting       | |  2.8
Slings         | |  0.4
Hexes          | |  0.4
Translocations | |  0.4
Evocations     | |  0.7

Action                   |  1- 3 |  4- 6 || total
-------------------------+-------+-------++-------
Melee: Falchion          |    90 |   162 ||   252
 Fire: Hunting sling     |       |     7 ||     7
Throw: Stone             |     1 |       ||     1
 Cast: Infusion          |     5 |     7 ||    12
       Shroud of Golubri |     9 |     8 ||    17
       Spectral Weapon   |       |     3 ||     3
       Regeneration      |       |     1 ||     1
 Abil: Hop               |     2 |     1 ||     3
Evoke: Wand              |       |     9 ||     9
  Use: Scroll            |     1 |     2 ||     3
       Potion            |       |     6 ||     6
  Eat: Chunk             |     1 |     6 ||     7
       Bread ration      |       |     1 ||     1
Armor: Ring mail         |    41 |    47 ||    88
       Leather armour    |     2 |       ||     2
Dodge: Dodged            |    67 |   108 ||   175
       Rpst.: Falchion   |    20 |    42 ||    62
